 Dungeon Crawl Stone Soup version 0.30-a0-808-g6e0788376e (webtiles) character file.

Game seed: 632518953764595071

332 cforsyth the Sneak (level 6, -2/38 HPs)
             Began as a Kobold Brigand on Feb 27, 2023.
             Slain by Maggie
             ... wielding a +0 glaive
              (13 damage)
             ... on level 6 of the Dungeon.
             The game lasted 00:06:41 (3695 turns).

cforsyth the Sneak (Kobold Brigand)                 Turns: 3695, Time: 00:06:42

Health: -2/38      AC:  8    Str:  9    XL:     6   Next: 82%
Magic:  6/6        EV: 15    Int: 12    God:
Gold:   229        SH:  0    Dex: 18    Spells: 5/5 levels left

rFire   + + .      SeeInvis .    k - +1 dagger (venom)
rCold   + . .      Faith    .    (no shield)
rNeg    . . .      Spirit   .    t - +0 leather armour
rPois   +          Reflect  .    m - +0 helmet
rElec   +          Harm     .    c - +0 cloak
rCorr   +          Rampage  .    (no gloves)
Will    .....                    n - +2 pair of boots
Stlth   ++++                     (no amulet)
HPRegen 0.26/turn                (no ring)
MPRegen 0.10/turn                (no ring)

@: resistant, mesmerised, hasted, very quick
A: small, no large weapons, nightstalker 3, fire resistance 1
a: no special abilities


You were on level 6 of the Dungeon.
You visited 1 branch of the dungeon, and saw 6 of its levels.

You collected 229 gold pieces.

Inventory:

Hand Weapons
 a - a +2 dagger
 k - a +1 dagger of venom (weapon)
Missiles
 d - 9 poisoned darts (quivered)
 e - 3 curare-tipped darts
Armour
 b - a +0 robe
 c - a +0 cloak (worn)
 m - a +0 helmet (worn)
 n - a +2 pair of boots (worn)
 o - +0 ice dragon scales
 t - a +0 leather armour (worn)
Scrolls
 f - 2 scrolls of teleportation
 h - 3 scrolls of identify
 i - 2 scrolls of fear {unknown}
 p - a scroll of vulnerability {unknown}
 q - 2 scrolls of enchant weapon {unknown}
 w - a scroll of enchant armour {unknown}
Potions
 g - 2 potions of heal wounds
 j - 2 potions of berserk rage {unknown}
 l - a potion of haste
 r - a potion of brilliance {unknown}
 s - a potion of mutation
 u - a potion of invisibility {unknown}
 v - a potion of resistance


   Skills:
 + Level 4.1 Fighting
 + Level 4.9 Short Blades
 - Level 2.1 Throwing
 + Level 3.9 Dodging
 + Level 7.0 Stealth


You had 5 spell levels left.
You didn't know any spells.
Your spell library contained the following spells:

 Spells                   Type           Power      Damage    Failure   Level
 Call Canine Familiar     Summ           0%         N/A       80%         3
 Portal Projectile        Hex/Tloc       0%         N/A       80%         3
 Leda's Liquefaction      Hex/Erth       0%         N/A       99%         4


Dungeon Overview and Level Annotations

Branches:
Dungeon (6/15)
 Temple: D:4-7

Altars:

Shops:
D:3 ?

Annotations:
D:3 3 runed translucent doors
D:6 Maggie


Innate Abilities, Weirdness & Mutations

You are small and have problems with some larger weapons.
You are completely attuned to the shadows.
Your flesh is heat resistant. (rF+)


Message History

The bolt of fire hits you!!
Ouch! That really hurt!
Unknown command.
It was a potion of mutation.
You feel extremely strange.
You feel resistant to heat.
It was a potion of resistance.
You feel protected.
You feel less confused. Maggie closely misses you.
You hit Maggie but do no damage.
Maggie is lightly wounded.
Maggie misses you.
You hit Maggie.
Maggie looks even sicker.
Maggie is lightly wounded.
You hit Maggie.
Maggie is lightly wounded.
Maggie gestures wildly while chanting.
Maggie draws you further into her thrall.
You closely miss Maggie.
Maggie is lightly wounded.
You hit Maggie.
Maggie looks as sick as possible!
Maggie is moderately wounded.
Maggie casts a spell at you. The bolt of fire misses you.
You hit Maggie but do no damage.
Maggie looks as sick as possible!
Maggie is moderately wounded.
You barely miss Maggie.
Maggie is moderately wounded.
Maggie zaps a wand.
You resist with some effort.
You barely miss Maggie.
Maggie is moderately wounded.
You hit Maggie.
Maggie is moderately wounded.
Maggie hits you with a +0 glaive!
* * * LOW HITPOINT WARNING * * *
You hit Maggie but do no damage.
Maggie looks as sick as possible!
Maggie is heavily wounded.
You closely miss Maggie.
Maggie is heavily wounded.
Maggie hits you with a +0 glaive!
You die...

#...#
#...#
#####...#
...>....##
.....@...#
.....@...#
.........+
...##...##
...####'#
.. .....#
##..<#
#...#
+...#
#####


You could see Maggie (mesmerising, extremely poisoned).

Vanquished Creatures
  A scorpion (D:4)
  2 iguanas
  Robin (D:2)
  4 gnolls
  5 adders
  A white imp (D:5)
  2 ufetubi
  5 worms
  A dart slug (D:3)
  5 orcs
  9 ball pythons
  5 endoplasms
  3 giant cockroaches
  15 goblins
  6 hobgoblins
  6 jackals
  7 quokkas
  5 bats
  A frilled lizard (D:1)
  7 kobolds
  2 rats (D:2)
93 creatures vanquished.

Notes
Turn   | Place    | Note
-------+----------+-------------------------------------------
     0 | D:1      | cforsyth the Kobold Brigand began the quest for the Orb.
     0 | D:1      | Reached XP level 1. HP: 12/12 MP: 1/1
   188 | D:1      | Reached XP level 2. HP: 18/18 MP: 2/2
   499 | D:1      | Reached XP level 3. HP: 3/22 MP: 3/3
   783 | D:1      | Found a faded altar of an unknown god.
  1204 | D:2      | Reached XP level 4. HP: 27/27 MP: 4/4
  1209 | D:2      | Reached skill level 6 in Stealth
  1453 | D:2      | Reached XP level 5. HP: 29/32 MP: 5/5
  1520 | D:2      | Noticed Robin
  1670 | D:2      | Killed Robin
  2335 | D:3      | Found a runed translucent gate.
  2335 | D:3      | Found a runed translucent gate.
  2335 | D:3      | Found a runed translucent gate.
  2575 | D:3      | Found Poucw's Magic Scroll Boutique.
  2797 | D:4      | Reached XP level 6. HP: 38/38 MP: 6/6
  3049 | D:4      | You fall into a shaft and drop 1 floor!
  3049 | D:5      | Entered Level 5 of the Dungeon
  3305 | D:5      | Reached skill level 7 in Stealth
  3350 | D:5      | Noticed an ogre
  3664 | D:6      | Noticed Maggie
  3682 | D:6      | Gained mutation: Your flesh is heat resistant. (rF+)
                  | [potion of mutation]
  3695 | D:6      | Slain by Maggie

Illustrated notes

Levels and vault maps discovered:
D:1:      dpeg_chamrin_arrival_tetris, layout_basic,
          shapermc_ecumenical_altar_mp_urbaneastern
D:2:      layout_loops_ring, minmay_stone_trees_medium, corexii_shack,
          serial_park_tiny_2, uniq_robin
D:3:      layout_rooms, gammafunk_ghost_necromancy, serial_shops, shop_scrolls
D:4:      layout_rooms
D:5:      layout_basic
D:6:      layout_gridville, overflow_temple_1_default, uniq_maggie

Skill      XL: |  1  2  3  4  5  6 |
---------------+-------------------+-----
Short Blades   | 3 4 |  4.9
Dodging        | 2 3 |  3.9
Fighting       | 3 4 |  4.1
Stealth        | 6 7 |  7.0
Throwing       | |  2.1

Action                     |  1- 3 |  4- 6 || total
---------------------------+-------+-------++-------
  Melee: Dagger            |    67 |   196 ||   263
         Punch             |     1 |       ||     1
    Use: Potion            |       |     6 ||     6
         Scroll            |       |     2 ||     2
   Stab: Sleeping          |    18 |    22 ||    40
         Distracted        |       |     2 ||     2
 Armour: Robe              |     5 |    10 ||    15
         Ice dragon scales |       |    33 ||    33
         Leather armour    |       |    23 ||    23
  Dodge: Dodged            |    19 |   121 ||   140

Table legend: (Time is in decaauts)
 A = Elapsed time spent in this place.
 B = Non-inter-level travel time spent in this place.
 C = Inter-level travel time spent in this place.
 D = Time resting spent in this place.
 E = Time spent auto-exploring this place.
 F = Levels seen in this place.
 G = Mean time per level.
                   A        B        C        D        E       F      G
               +--------+--------+--------+--------+--------+-----+--------+
         Total |   3638 |   3399 |    239 |    100 |   2585 |   6 |  606.3 |
       Dungeon |   3638 |   3399 |    239 |    100 |   2585 |   6 |  606.3 |
               +--------+--------+--------+--------+--------+-----+--------+

Top non-repeatable levels by time:
     D:2: 1108 daAuts
     D:1: 885 daAuts
     D:3: 757 daAuts
     D:5: 606 daAuts
     D:4: 252 daAuts
     D:6: 28 daAuts
